 Dungeon Crawl Stone Soup version 0.30-a0-331-g8ab09dc110 (webtiles) character file.

Game seed: 16921424886328423442

30147 purpskrrrp the Cleaver (level 13, 0/113 (114) HPs)
             Began as a Demonspawn Fighter on Oct 29, 2022.
             Was a High Priest of Okawaru.
             Slain by a minotaur
             ... wielding a +1 vorpal mace
              (9 damage)
             ... in a Gauntlet.
             The game lasted 00:38:39 (13604 turns).

purpskrrrp the Cleaver (Demonspawn Fighter)        Turns: 13604, Time: 00:38:39

HP:   0/113 (114)   AC: 23    Str: 24    XL:     13   Next: 19%
MP:   20/20         EV: 15    Int: 12    God:    Okawaru [*****.]
Gold: 721           SH:  5    Dex: 17    Spells: 12/12 levels left

rFire   . . .      SeeInvis .    R - +4 broad axe (flame)
rCold   + . .      Faith    .    (no shield)
rNeg    . . .      Spirit   .    X - +7 Kryia's mail coat {PotionHeal*2 rC+}
rPois   +          Reflect  +    U - +2 hat {Stlth+}
rElec   .          Harm     .    Q - +1 cloak {Stlth+}
rCorr   .          Rampage  .    (gloves unavailable)
Will    .....      NoTele   +    (no boots)
Stlth   ++++......               D - amulet of reflection
HPRegen 0.38/turn                i - +6 ring of dexterity
MPRegen 0.17/turn                a - ring "Denes" {rPois Str+2 Int+4 Dex-5}

@: heroic, lightly drained
A: molten scales 1, spiny 1, demonic magic 1, demonic touch 3, agile 1, robust 1
a: Renounce Religion, Heroism, Finesse, Duel


You were in a Gauntlet.
You worshipped Okawaru.
Okawaru was extremely pleased with you.
You visited 3 branches of the dungeon, and saw 15 of its levels.
You also visited: Gauntlet.

You collected 1012 gold pieces.
You spent 291 gold pieces at shops.

Inventory:

Hand Weapons
 R - a +4 broad axe of flaming (weapon)
 S - the +3 executioner's axe "Jellybane" {drain, rPois rF+ rN+ Int+3}
   (Okawaru gifted it to you on level 1 of the Lair of Beasts)

   A truly terrible weapon, it drains the life of any living foe it strikes.
   Int:       It affects your intelligence (+3).
   rF:        It protects you from fire.
   rPois:     It protects you from poison.
   rN:        It protects you from negative energy.
Missiles
 I - 2 javelins
 K - 3 curare-tipped darts
Armour
 y - a scarf of resistance
 B - a +3 plate armour
 L - a +0 kite shield of poison resistance
 N - the +3 ring mail of the Amoeba {Str+3 Dex+10}
   (You found it on level 10 of the Dungeon)

   Str:       It affects your strength (+3).
   Dex:       It affects your dexterity (+10).
 Q - a +1 cloak of stealth (worn)
 U - a +2 hat of stealth (worn)
 X - the +7 Kryia's mail coat (worn) {PotionHeal*2 rC+}
   (Okawaru gifted it to you on level 2 of the Lair of Beasts)

   Potions are twice as effective at healing its wearer.
   rC:        It protects you from cold.
Jewellery
 a - the ring "Denes" (right hand) {rPois Str+2 Int+4 Dex-5}
   (You found it in a Gauntlet)

   [ring of poison resistance]

   Str:       It affects your strength (+2).
   Int:       It affects your intelligence (+4).
   Dex:       It affects your dexterity (-5).
   rPois:     It protects you from poison.
 c - a ring of see invisible
 i - a +6 ring of dexterity (left hand)
 n - a ring of flight
 o - a ring of resist corrosion
 p - a ring of willpower
 r - an amulet of regeneration
 C - a ring of magical power
 D - an amulet of reflection (around neck)
 H - an amulet of magic regeneration
 M - a ring of protection from fire
 T - a ring of positive energy
Wands
 k - a wand of digging (4)
 u - a wand of polymorph (15)
 w - a wand of light (13)
 x - a wand of flame (11)
 E - a wand of roots (7)
Scrolls
 h - 4 scrolls of teleportation
 l - a scroll of magic mapping
 q - a scroll of noise
 A - 2 scrolls of fear
 V - 3 scrolls of identify
Potions
 b - a potion of haste
 f - 5 potions of attraction
 j - 8 potions of curing
 v - a potion of ambrosia
 F - a potion of resistance
 J - 2 potions of lignification
 Z - 2 potions of might


   Skills:
 + Level 10.7(15.7) Fighting
 * Level 13.2(18.2) Axes
 + Level 9.8(14.8) Armour
 + Level 4.6(9.6) Dodging
 - Level 2.6(7.6) Shields
 + Level 3.8(8.8) Unarmed Combat
 + Level 10.4 Invocations


You had 12 spell levels left.
You didn't know any spells.
Your spell library contained the following spells:

 Spells                   Type           Power      Damage    Failure   Level
 Apportation              Tloc           0%         N/A       52%         1
 Sandblast                Erth           0%         2d4       52%         1
 Momentum Strike          Conj/Tloc      0%         3d8       67%         2
 Passwall                 Tmut/Erth      0%         N/A       67%         2
 Frozen Ramparts          Ice            0%         1d1       88%         3
 Portal Projectile        Hex/Tloc       0%         N/A       88%         3
 Stone Arrow              Conj/Erth      0%         3d7       88%         3
 Ice Form                 Ice/Tmut       0%         N/A       99%         4
 Blade Hands              Tmut           0%         N/A       100%        5
 Dispersal                Tloc           0%         N/A       100%        6
 Tukima's Dance           Hex            Unusable   N/A       N/A         3
 Summon Ice Beast         Ice/Summ       Unusable   N/A       N/A         4

Dungeon Overview and Level Annotations

Branches:
Dungeon (12/15)            Temple (1/1) D:5            Lair (2/5) D:9
  Swamp (0/4) Lair:2          Orc (0/2) D:10        Gauntlet (1/1)
  Snake: Lair:2-3    Spider: Lair:2-3

Altars:
Ashenzari
Cheibriados
Dithmenos
Fedhas
Gozag
Hepliaklqana
Kikubaaqudgha
Makhleb
Nemelex Xobeh
Okawaru
Qazlal
Ru
Sif Muna
Trog
Uskayaw
Vehumet
Wu Jian
Xom
Yredelemnul

Shops:
D:5 :   D:6 ?

Portals:
Trove: D:12 (show abyssal rune of Zot)

Annotations:
D:5 2 runed translucent doors, pokeman's ghost, amateur DEHW Gauntlet 4 transporters


Innate Abilities, Weirdness & Mutations

You are partially covered in molten scales. (AC +2)
You are partially covered in sharp spines.
Spells you cast may paralyse adjacent enemies.
Your touch may irresistibly damage your foes and sap their willpower.
You are agile. (Dex +4, Str/Int -1)
You are robust. (+10% HP)


Message History

No target in view!
No target in view!
No target in view!
No target in view!
No target in view!
No target in view!
No target in view!
No target in view!
No target in view!
No target in view!
No target in view!
No target in view!
The minotaur bellows!
The minotaur shoots an arrow.
The arrow hits you but does no damage.
You feel drained.
Found a scroll of enchant armour.
Found a gate leading back out of this place.
The minotaur unwields the +7 longbow "Gox Toga" {drain, rElec}.
The minotaur wields a +1 vorpal mace.
The minotaur hits you with a +1 vorpal mace!!
The minotaur completely misses you.
You hit the minotaur. You burn the minotaur.
You punch the minotaur, but do no damage.
The minotaur is lightly wounded.
The minotaur hits you with a +1 vorpal mace.
The minotaur barely misses you.
You slice the minotaur!! You burn the minotaur.
You touch the minotaur!
You sap its willpower!
The minotaur is heavily wounded.
The minotaur drinks a potion.
The minotaur seems to grow stronger.
You slash the minotaur! You burn the minotaur.
The minotaur is severely wounded.
You barely miss the minotaur.
You touch the minotaur!!
You sap its willpower!
The minotaur is almost dead.
The minotaur closely misses you. The minotaur gores you.
You hit the minotaur. You burn the minotaur.
The minotaur is almost dead.
The minotaur hits you with a +1 vorpal mace!!!
* * * LOW HITPOINT WARNING * * *
You die...

..©#..###≈##
####...#≈≈≈#########
..8#...#...##.##... ##
..©#.8.#......##.# ..
..8#.⌠.#.8.##....##.#
####.8.#.©.##.##...
#..#...#.8....##.#
.#.#...#.©.##....#
.#!#.8.#.8.##.##@#
#..#.∩.#.©....##.H...∩#
.#.#.8.#.8.##....######
.#.#...#.©.##.##..
#..#...#.8....##.#
####.8.#.©.##....#
..8#.⌠.#.8.##.##..
..©#.8.#......##.#
..8#...#...##.


You could see a minotaur (strong, weak-willed).

Vanquished Creatures
  Gastronok (Lair:1)
  A reaper (Gauntlet)
  A quicksilver ooze (Gauntlet)
  A catoblepas (Gauntlet)
  3 two-headed ogres
  A boulder beetle (D:12)
  4 skeletal warriors
  Lodul (D:10)
  A bog body (Lair:2)
  6 elephants (Lair:2)
  Joseph (D:10)
  2 molten gargoyles (Gauntlet)
  A gargoyle (Gauntlet)
  3 cane toads
  3 unseen horrors
  6 komodo dragons
  4 kobold demonologists
  A hellwing (Gauntlet)
  A troll (D:11)
  A hornet (D:9)
  A raiju (Gauntlet)
  Sigmund (D:5)
  5 shadows
  Eustachio (D:5)
  A basilisk (Lair:1)
  2 wyverns
  36 yaks
  3 steam dragons
  4 water moccasins
  Duvessa (D:5)
  2 ice beasts
  4 orc warriors
  A sky beast (D:5)
  A black bear (D:9)
  7 ogres
  7 wolves (Lair:2)
  3 centaurs
  3 phantoms
  6 bullfrogs
  9 kobold brigands
  A gnoll sergeant (D:6)
  A scorpion (D:7)
  A necrophage (D:7)
  4 wights (D:9)
  Dowan (D:5)
  2 troll zombies (D:10)
  7 killer bees (D:9)
  6 howler monkeys
  A hound (D:5)
  11 orc priests
  A jelly (D:7)
  8 orc wizards
  4 iguanas
  6 ogre zombies (D:10)
  5 gnolls (D:6)
  11 adders
  A shadow imp (Gauntlet)
  2 ufetubi
  A worm (D:3)
  2 dart slugs
  31 orcs
  4 ball pythons
  8 endoplasms
  2 giant cockroaches
  7 goblins
  8 hobgoblins
  10 jackals
  2 quokkas
  4 bats
  7 frilled lizards
  2 goblin skeletons (D:10)
  4 goblin zombies (D:10)
  2 hobgoblin zombies (D:10)
  34 kobolds
  3 orc skeletons (D:10)
  13 orc zombies (D:10)
  7 rats
365 creatures vanquished.

Vanquished Creatures (others)
  An unseen horror (D:10)
  11 fungi
  14 plants
26 creatures vanquished.

Grand Total: 391 creatures vanquished

Notes
Turn   | Place    | Note
-------+----------+-------------------------------------------
     0 | D:1      | purpskrrrp the Demonspawn Fighter began the quest for the
                  | Orb.
     0 | D:1      | Reached XP level 1. HP: 18/18 MP: 1/1
    57 | D:1      | Reached skill level 2 in Axes
    83 | D:1      | Gained mutation: You are partially covered in sharp spines.
                  | [demonic ancestry]
    83 | D:1      | Reached XP level 2. HP: 14/24 MP: 2/2
   349 | D:1      | Reached XP level 3. HP: 17/29 MP: 3/3
   885 | D:2      | Reached skill level 3 in Axes
  1383 | D:3      | Gained mutation: Your touch may inflict minor irresistible
                  | damage on your foes. [demonic ancestry]
  1383 | D:3      | Reached XP level 4. HP: 35/35 MP: 4/4
  1816 | D:3      | Gained mutation: You are partially covered in molten
                  | scales. (AC +2) [demonic ancestry]
  1816 | D:3      | Reached XP level 5. HP: 40/42 MP: 5/5
  2231 | D:4      | Reached skill level 4 in Axes
  2604 | D:5      | Entered Level 5 of the Dungeon
  2645 | D:5      | Reached XP level 6. HP: 44/48 MP: 6/6
  2702 | D:5      | Found a hazy altar of Hepliaklqana.
  2703 | D:5      | Found a shimmering altar of Xom.
  2704 | D:5      | Noticed a spectral ugly thing
  3027 | D:5      | Found a large runed translucent door.
  3028 | D:5      | Found a large runed translucent door.
  3029 | D:5      | Noticed pokeman's ghost (amateur DEHW)
  3047 | D:5      | Found a staircase to the Ecumenical Temple.
  3111 | Temple   | Entered the Ecumenical Temple
  3142 | Temple   | Became a worshipper of Warmaster Okawaru
  3193 | D:5      | Noticed Sigmund
  3370 | D:5      | Noticed Eustachio
  3370 | D:5      | Noticed Duvessa
  3388 | D:5      | Killed Eustachio
  3389 | D:5      | Reached skill level 5 in Axes
  3389 | D:5      | Reached XP level 7. HP: 51/55 MP: 7/7
  3393 | D:5      | Noticed Dowan
  3398 | D:5      | Killed Dowan
  3409 | D:5      | Killed Duvessa
  3410 | D:5      | Reached skill level 5 in Fighting
  3427 | D:5      | Reached * piety under Okawaru
  3582 | D:5      | Reached skill level 6 in Axes
  3658 | D:5      | Found Bupileng's Book Shop.
  3664 | D:5      | Reached skill level 5 in Armour
  3664 | D:5      | Gained mutation: Your touch may inflict irresistible damage
                  | on your foes. [demonic ancestry]
  3664 | D:5      | Reached XP level 8. HP: 47/63 MP: 8/8
  3674 | D:5      | Killed Sigmund
  3916 | D:6      | Found a sparkling altar of Nemelex Xobeh.
  3923 | D:6      | Reached ** piety under Okawaru
  4035 | D:6      | Found an ancient bone altar of Kikubaaqudgha.
  4069 | D:6      | Killed an unseen horror
  4070 | D:6      | Reached skill level 7 in Axes
  4236 | D:6      | Found Qamon's Assorted Antiques.
  4270 | D:6      | Found Kadokk's Magic Scroll Boutique.
  4334 | D:6      | Bought a scroll of enchant armour for 82 gold pieces
  4898 | D:6      | Gained mutation: Spells you cast may paralyse adjacent
                  | enemies. [demonic ancestry]
  4898 | D:6      | Reached XP level 9. HP: 69/71 MP: 6/9
  5259 | D:7      | Reached skill level 8 in Axes
  5484 | D:7      | Reached skill level 1 in Invocations
  5759 | D:7      | Gained mutation: Armour fits poorly on your strangely
                  | shaped body. [potion of mutation]
  5830 | D:6      | Bought 2 scrolls of brand weapon for 209 gold pieces
  5873 | D:8      | Reached *** piety under Okawaru
  6438 | D:8      | Reached skill level 9 in Axes
  6443 | D:8      | Reached **** piety under Okawaru
  6450 | D:8      | Reached XP level 10. HP: 60/80 MP: 11/13
  6454 | D:8      | Received a gift from Okawaru
  6816 | D:9      | Noticed a two-headed ogre
  6824 | D:9      | Killed a two-headed ogre
  6825 | D:9      | Reached skill level 5 in Invocations
  6910 | D:9      | Reached ***** piety under Okawaru
  6911 | D:9      | Reached skill level 10 in Axes
  7238 | D:9      | Reached XP level 11. HP: 53/87 MP: 14/16
  7360 | D:9      | Found a staircase to the Lair.
  7702 | D:10     | Entered Level 10 of the Dungeon
  7731 | D:10     | Noticed Lodul
  7745 | D:10     | HP: 3/87 [Lodul/bolt of lightning (20)]
  8052 | D:10     | Received a gift from Okawaru
  8053 | D:10     | Reached skill level 11 in Axes
  8264 | D:10     | Killed Lodul
  8587 | D:10     | Found a staircase to the Orcish Mines.
  8802 | D:10     | Found a basalt altar of Yredelemnul.
  8823 | D:10     | Found a sacrificial altar of Ru.
  8903 | D:10     | Identified the +3 ring mail of the Amoeba {Str+3 Dex+10}
  9427 | D:10     | Noticed Joseph
  9453 | D:10     | Killed Joseph
  9681 | D:10     | Lost mutation: Armour fits poorly on your strangely shaped
                  | body. [potion of mutation]
  9681 | D:10     | Gained mutation: You are agile. (Dex +4, Str/Int -1)
                  | [potion of mutation]
  9681 | D:10     | Gained mutation: You are robust. (+10% HP) [potion of
                  | mutation]
  9868 | D:11     | Reached skill level 1 in Dodging
 10062 | D:11     | Noticed a two-headed ogre
 10074 | D:11     | Killed a two-headed ogre
 10219 | D:11     | Found a shimmering blue altar of Sif Muna.
 10232 | D:11     | Noticed a two-headed ogre
 10240 | D:11     | Killed a two-headed ogre
 10240 | D:11     | Received a gift from Okawaru
 10593 | D:12     | Noticed a skeletal warrior
 10593 | D:12     | Noticed a skeletal warrior
 10593 | D:12     | Noticed a skeletal warrior
 10593 | D:12     | Noticed a skeletal warrior
 10602 | D:11     | Killed a skeletal warrior
 10603 | D:11     | Reached skill level 12 in Axes
 10604 | D:11     | Killed a skeletal warrior
 10605 | D:11     | Gained mutation: Your touch may irresistibly damage your
                  | foes and sap their willpower. [demonic ancestry]
 10605 | D:11     | Reached XP level 12. HP: 73/106 MP: 16/18
 10828 | D:12     | Found a portal to a secret trove of treasure.
 11117 | D:12     | Got Kicuvvep's Volume of the Traveller
 11123 | D:12     | Noticed a boulder beetle
 11132 | D:12     | Killed a boulder beetle
 11167 | D:12     | Reached skill level 1 in Unarmed Combat
 11451 | D:12     | Reached skill level 10 in Fighting
 11669 | Lair:1   | Entered Level 1 of the Lair of Beasts
 11669 | Lair:1   | Noticed Gastronok
 11686 | Lair:1   | Killed Gastronok
 12020 | Lair:1   | Identified the +3 executioner's axe "Jellybane" {drain,
                  | rPois rF+ rN+ Int+3} (Okawaru gifted it to you on level 1
                  | of the Lair of Beasts)
 12020 | Lair:1   | Received a gift from Okawaru
 12785 | Lair:2   | Reached skill level 10 in Invocations
 12809 | Lair:2   | Received a gift from Okawaru
 12809 | Lair:2   | Found the +7 Kryia's mail coat {PotionHeal*2 rC+}
 12816 | Lair:2   | Reached skill level 13 in Axes
 12961 | Lair:2   | Found a staircase to the Swamp.
 13031 | Lair:2   | Found a gate leading to a gauntlet.
 13040 | Gauntlet | Entered a Gauntlet
 13040 | Gauntlet | Found a transporter.
 13052 | Gauntlet | Found a transporter.
 13055 | Gauntlet | Found a transporter.
 13056 | Gauntlet | Found a transporter.
 13062 | Gauntlet | Found a runed translucent gate.
 13062 | Gauntlet | Found a runed translucent gate.
 13062 | Gauntlet | Found a runed translucent gate.
 13064 | Gauntlet | Found a transporter.
 13067 | Gauntlet | Found a transporter.
 13068 | Gauntlet | Found a transporter.
 13077 | Gauntlet | Noticed a quicksilver ooze
 13078 | Gauntlet | Noticed a minotaur
 13080 | Gauntlet | Found a transporter.
 13081 | Gauntlet | Found a transporter.
 13081 | Gauntlet | Found a transporter.
 13088 | Gauntlet | Found a runed translucent door.
 13090 | Gauntlet | Found a transporter.
 13093 | Gauntlet | Found a transporter.
 13094 | Gauntlet | Found a transporter.
 13096 | Gauntlet | Noticed a catoblepas
 13102 | Gauntlet | Noticed a reaper
 13105 | Gauntlet | Found a transporter.
 13268 | Gauntlet | Reached XP level 13. HP: 108/114 MP: 17/20
 13287 | Gauntlet | Killed a quicksilver ooze
 13295 | Gauntlet | Identified the ring "Denes" {rPois Str+2 Int+4 Dex-5}
 13566 | Gauntlet | Killed a reaper
 13589 | Gauntlet | Identified the +7 longbow "Gox Toga" {drain, rElec}
 13604 | Gauntlet | Slain by a minotaur

Illustrated notes

Levels and vault maps discovered:
D:1:      amcnicky_arrival_underground_garden, layout_rooms, serial_glass,
          glass_columns_b, glass_columns_b, due_unseen_surprise,
          minmay_strange_pillars, minmay_strange_pillars, nrook_campfire,
          minmay_unequal
D:2:      layout_basic, minmay_pentomino_s4
D:3:      minmay_chambers_of_threes, layout_rooms
D:4:      layout_cave_pools, dk_noncrumbling_2
D:5:      layout_basic, regret_index_temple_of_mockery, temple_statues,
          serial_shops, nicolae_shop_trees, ebering_ghost_disaster_area,
          uniq_sigmund, uniq_duvessa, uniq_eustachio
D:6:      layout_gridville, mainiacjoe_overflow_catwalk,
          mainiacjoe_overflow_concentric_impassable, serial_shops,
          nicolae_shop_overgrown_old_shop, shop_fountains
D:7:      layout_basic, hangedman_decor_push, nicolae_sextant
D:8:      layout_basic
D:9:      layout_basic, grunt_lair_entry_orc_guard_hut, hex_intersection
D:10:     layout_basic, chequers_temple_overflow_statue_of_worship,
          zombieorc2_lemuel, uniq_joseph, uniq_lodul
D:11:     layout_big_octagon, led_sif_pool
D:12:     layout_basic, enter_trove_1
Temple:   hellmonk_temple_two_chambers
Lair:1:   layout_roguey, grunt_megastairs_2, lemuel_fruit_tree, uniq_gastronok
Lair:2:   layout_gridlike, skrybe_swamp_entry_bodies, gauntlet_entry_generic
Gauntlet: gammafunk_gauntlet_77_escape_option
          [minmay_gauntlet_arena_77_checkered,
          minmay_gauntlet_arena_77_run_for_it, minmay_gauntlet_arena_77_braids,
          minmay_gauntlet_arena_77_path, minmay_gauntlet_arena_77_box,
          gauntlet_exit_green]

Skill      XL: |  1  2  3  4  5  6  7  8  9 10 11 12 |
---------------+-------------------------------------+-----
Axes           | 2 3 4 5 6 7 9 10 12 13 | 13.2
Armour         | 3 4 5 6 7 8 9 |  9.8
Fighting       | 4 5 6 7 8 9 10 | 10.7
Invocations    | 4 6 8 10 | 10.4
Dodging        | 2 4 |  4.6
Unarmed Combat | 3 |  3.8
Shields        | |  2.6

Action                   |  1- 3 |  4- 6 |  7- 9 | 10-12 | 13-15 || total
-------------------------+-------+-------+-------+-------+-------++-------
Melee: War axe           |    51 |    93 |   156 |   278 |       ||   578
       Mace              |    17 |       |       |       |       ||    17
       Touch             |       |    14 |    37 |    81 |    11 ||   143
       Punch             |       |       |     1 |    12 |     4 ||    17
       Broad axe         |       |       |       |   163 |    39 ||   202
Throw: Dart              |       |       |       |     5 |       ||     5
       Javelin           |       |       |       |     5 |       ||     5
Invok: Heroism           |       |       |     6 |    32 |     2 ||    40
  Use: Potion            |     1 |     4 |     4 |     5 |     1 ||    15
       Scroll            |     8 |     6 |     8 |    12 |       ||    34
 Stab: Sleeping          |       |       |       |     6 |       ||     6
       Distracted        |       |       |       |     1 |       ||     1
Armor: Scale mail        |    32 |    29 |       |       |    12 ||    73
       Chain mail        |       |    18 |    83 |    66 |       ||   167
       Ring mail         |       |       |       |    64 |       ||    64
Dodge: Dodged            |    20 |    32 |    48 |   154 |    20 ||   274
Block: Buckler           |    28 |     2 |       |       |       ||    30
       Other             |       |       |       |    52 |     3 ||    55

Table legend: (Time is in decaauts)
 A = Elapsed time spent in this place.
 B = Non-inter-level travel time spent in this place.
 C = Inter-level travel time spent in this place.
 D = Time resting spent in this place.
 E = Time spent auto-exploring this place.
 F = Levels seen in this place.
 G = Mean time per level.
                   A        B        C        D        E       F      G
               +--------+--------+--------+--------+--------+-----+--------+
         Total |  13553 |  12528 |   1025 |   1419 |   8662 |  16 |  847.1 |
       Dungeon |  11607 |  10640 |    967 |   1072 |   7644 |  12 |  967.2 |
        Temple |     50 |     50 |      0 |      0 |     10 |   1 |   50.0 |
          Lair |   1346 |   1289 |     57 |    137 |    874 |   2 |  673.0 |
      Gauntlet |    548 |    548 |      0 |    210 |    134 |   1 |  548.0 |
               +--------+--------+--------+--------+--------+-----+--------+

Top non-repeatable levels by time:
    D:10: 1769 daAuts
     D:5: 1289 daAuts
     D:9: 1261 daAuts
     D:6: 1185 daAuts
  Lair:1: 1056 daAuts
    D:11: 958 daAuts
     D:7: 919 daAuts
    D:12: 895 daAuts
     D:2: 710 daAuts
     D:1: 693 daAuts
     D:3: 645 daAuts
     D:8: 643 daAuts
     D:4: 634 daAuts
Gauntlet: 548 daAuts
  Lair:2: 290 daAuts
